 Dungeon Crawl Stone Soup version 0.21-a0-552-g593960d (webtiles) character file.

30 Alarkh the Digger (level 3, 24/24 HPs)
             Began as a Demonspawn Earth Elementalist on Dec 17, 2017.
             Got out of the dungeon alive.
             The game lasted 00:01:36 (804 turns).

Alarkh the Digger (Demonspawn Earth Elementalist)    Turns: 804, Time: 00:01:36

Health: 24/24      AC:  2    Str:  8    XL:     3   Next: 3%
Magic:  6/6        EV: 12    Int: 17    God:
Gold:   0          SH:  0    Dex: 13    Spells: 3/6 levels left

rFire    . . .     SeeInvis .   (no weapon)
rCold    . . .     Gourm    .   (no shield)
rNeg     . . .     Faith    .   c - +0 robe
rPois    .         Spirit   .   (helmet restricted)
rElec    .         Reflect  .   (no cloak)
rCorr    .         Harm     .   (no gloves)
MR       .....                  (no boots)
Stlth    ++........             (no amulet)
HPRegen  0.08/turn              (no ring)
MPRegen  0.10/turn              (no ring)

@: no status effects
A: antennae 1, sturdy frame 1
a: no special abilities


You escaped.
You were not hungry.

You visited 1 branch of the dungeon, and saw 1 of its levels.

Inventory:

Missiles
 b - 26 stones (quivered)
Armour
 c - a +0 robe (worn)
Scrolls
 f - a scroll of fog
Potions
 h - 2 potions of degeneration {unknown}
 i - a potion of heal wounds {unknown}
Books
 e - a book of Geomancy

   Spells                             Type                      Level
   a - Sandblast                      Earth                        1
   b - Passwall                       Transmutation/Earth          2
   c - Stone Arrow                    Conjuration/Earth            3
   d - Petrify                        Transmutation/Earth          4
   e - Lee's Rapid Deconstruction     Earth                        5
Comestibles
 a - 4 chunks of flesh
 d - a bread ration
 g - a royal jelly


   Skills:
 + Level 2.0 Dodging
 + Level 1.9 Stealth
 + Level 2.3 Spellcasting
 + Level 0.8 Transmutations
 + Level 3.4 Earth Magic


You had 3 spell levels left.
You knew the following spells:

 Your Spells              Type           Power        Failure   Level  Hunger
a - Sandblast             Erth           ##....       4%          1    #......
b - Passwall              Tmut/Erth      #.........   12%         2    ###....


Dungeon Overview and Level Annotations

Branches:
Dungeon (1/15)

Altars:


Innate Abilities, Weirdness & Mutations

You have a pair of small antennae on your head.
Your movements are slightly less encumbered by armour. (ER -2)


Message History

Aiming: Sandblast
Press: ? - help, Shift-Dir - straight line, f - hobgoblin
Aim: a hobgoblin The blast of sand hits the hobgoblin.
You kill the hobgoblin!
b - 26 stones
Casting: Sandblast
Confirm with . or Enter, or press ? or * to list all spells.
You can't see any susceptible monsters within range! (Use Z to cast anyway.)
You open the door.
There is an open door here.
Some of the chunks of flesh in your inventory have rotted away.
You see here 11 arrows.
There is an escape hatch in the floor here.
There is an open door here.
You see here 9 sling bullets.
Some of the chunks of flesh in your inventory have rotted away.
There is a staircase leading out of the dungeon here.
Are you sure you want to leave the Dungeon?
This will make you lose the game!
You have escaped!

#..........#....#
#...##'###......#
#...##.###.##.###
#....(..##.##..#
#.......##+###'##
##+#....#...#...#
#.###'##.>.#...#
#.....##...#...#
########.>.#.@.#
#...#...# #.>.#.(.#
#...#...###########
##+###'##...>.....#
#.##..##.#######.#
#........# #.#
########.# #.# #.#
#.#


There were no monsters in sight!

Vanquished Creatures
  An ooze (D:1)
  3 giant cockroaches (D:1)
  7 hobgoblins (D:1)
  2 jackals (D:1)
  A kobold (D:1)
  3 bats (D:1)
  3 frilled lizards (D:1)
  2 rats (D:1)
22 creatures vanquished.

Notes
Turn   | Place    | Note
-------+----------+-------------------------------------------
     0 | D:1      | Alarkh the Demonspawn Earth Elementalist began the quest for the Orb.
     0 | D:1      | Reached XP level 1. HP: 13/13 MP: 3/3
    84 | D:1      | Reached skill level 3 in Earth Magic
   108 | D:1      | Gained mutation: Your movements are slightly less encumbered by armour. (ER -2) [demonic ancestry]
   108 | D:1      | Reached XP level 2. HP: 19/19 MP: 0/5
   523 | D:1      | Learned a level 2 spell: Passwall
   691 | D:1      | Gained mutation: You have a pair of small antennae on your head. [demonic ancestry]
   691 | D:1      | Reached XP level 3. HP: 24/24 MP: 4/6
   804 | D:$      | Got out of the dungeon alive.

Vault maps used:
D:1:      minmay_arrival_up_and_down

Skill      XL: |  1  2 |
---------------+-------+-----
Earth Magic    | 3 |  3.4
Dodging        | 2 |  2.0
Stealth        | |  1.9
Spellcasting   | |  2.3
Transmutations | |  0.8

Action                   || total
-------------------------++-------
 Cast: Sandblast         ||    28
  Use: Scroll            ||     1
Armor: Robe              ||     2
Dodge: Dodged            ||     7

Table legend:
 A = Spawn XP
 B = Non-spawn XP
 C = Spawn XP percentage of total XP
 D = Spawn monster count
 E = Non-spawn monster count
 F = Spawn count percentage of total count
 G = Total turns spent on level
                    A         B        C        D         E        F      G
               +---------+---------+-------+---------+---------+-------+---------
         Total |       0 |      43 |   0.0 |       0 |      22 |   0.0 |   804
               +---------+---------+-------+---------+---------+-------+---------
           D:1 |       0 |      43 |   0.0 |       0 |      22 |   0.0 |   804
               +---------+---------+-------+---------+---------+-------+---------
